 Dungeon Crawl Stone Soup version 0.27.1-34-g3ba077fa99 (webtiles) character file.

Game seed: 12237630055117533012

23422 zeram the Blocker (level 13, -11/117 HPs)
             Began as a Hill Orc Fighter on Jan 23, 2022.
             Was an Initiate of Gozag.
             Killed from afar by a hellion (44 damage)
             ... with damnation
             ... on level 1 of the Abyss.
             The game lasted 00:34:20 (18676 turns).

zeram the Blocker (Hill Orc Fighter)               Turns: 18676, Time: 00:34:20

Health: -11/117    AC: 23    Str: 24    XL:     13   Next: 6%
Magic:  4/4        EV: 28    Int:  8    God:    Gozag
Gold:   845        SH: 13    Dex: 13    Spells: 12/12 levels left

rFire    . . .     SeeInvis +   H - +10 morningstar of Makhleb's Grace {antimagic, rElec rPois rN++ Will-}
rCold    x . .     Faith    .   c - +0 kite shield
rNeg     + + .     Spirit   .   s - +0 plate armour "Sugust" {Rampage rC- Regen+}
rPois    +         Reflect  .   B - +1 hat
rElec    +         Harm     .   I - +2 cloak "Mueliomu" {Dex+3}
rCorr    .         Rampage  +   g - +0 pair of gloves
Will     .....                  q - +1 pair of boots
Stlth    ..........             J - amulet of the acrobat
HPRegen  1.29/turn              j - ring of see invisible
MPRegen  0.09/turn              F - +4 ring of evasion

@: acrobatic
A: no striking features
a: Renounce Religion, Potion Petition, Call Merchant, Bribe Branch


You were on level 1 of the Abyss.
You worshipped Gozag.
Gozag was pleased with you.
You visited 3 branches of the dungeon, and saw 16 of its levels.
You visited the Abyss 1 time.

You collected 2501 gold pieces.
You spent 1595 gold pieces at shops.
You paid 61 gold pieces to Gozag.

Inventory:

Hand Weapons
 a - a +4 spectral war axe
 x - a +3 battleaxe
 H - the +10 morningstar of Makhleb's Grace (weapon) {antimagic, rElec rPois rN++ Will-}
   (You bought it in a shop on level 2 of the Dungeon)

   It reduces the magical energy of the wielder, and disrupts the spells and
   magical abilities of those it strikes.
   Natural abilities and divine invocations are not affected.
   rElec:     It insulates you from electricity.
   rPois:     It protects you from poison.
   rN:        It greatly protects you from negative energy.
   Will:      It decreases your willpower.
Missiles
 h - 16 boomerangs (quivered)
Armour
 b - a +0 scale mail
 c - a +0 kite shield (worn)
 g - a +0 pair of gloves (worn)
 p - a +2 cloak
 q - a +1 pair of boots (worn)
 s - the +0 plate armour "Sugust" (worn) {Rampage rC- Regen+}
   (You bought it in a shop on level 6 of the Dungeon)

   rC:        It makes you vulnerable to cold.
   Regen:     It increases your rate of health regeneration.
   Rampage:   It bestows one free step when moving towards enemies.
 B - a +1 hat (worn)
 I - the +2 cloak "Mueliomu" (worn) {Dex+3}
   (You found it on level 11 of the Dungeon)

   Dex:       It affects your dexterity (+3).
Jewellery
 f - a +4 ring of protection
 i - a ring of willpower
 j - a ring of see invisible (left hand)
 n - a +6 ring of dexterity
 w - a ring of protection from cold
 z - a ring of magical power
 A - a ring of fire
 C - a ring of protection from fire
 D - a ring of resist corrosion
 F - a +4 ring of evasion (right hand)
 J - an amulet of the acrobat (around neck)
 N - a ring of positive energy
Wands
 k - a wand of digging (10)
 l - a wand of acid (30)
 o - a wand of iceblast (4)
 v - a wand of flame (24)
 E - a wand of mindburst (12)
Scrolls
 m - a scroll of amnesia
 O - a scroll of teleportation
Potions
 d - 2 potions of flight
 e - a potion of haste
 r - a potion of curing
 t - a potion of mutation {unknown}
 u - a potion of cancellation {unknown}
 L - 2 potions of brilliance


   Skills:
 + Level 11.8 Fighting
 - Level 3.6(8.5) Axes
 + Level 10.1(10.3) Maces & Flails
 + Level 11.6 Armour
 + Level 6.0 Dodging
 + Level 12.5 Shields
 - Level 1.0 Evocations


You had 12 spell levels left.
You didn't know any spells.
Your spell library contained the following spells:

 Spells                   Type           Power      Damage    Failure   Level
 Magic Dart               Conj           0%         1d3       99%         1
 Corpse Rot               Necr/Air       N/A        N/A       100%        2
 Poisonous Vapours        Pois/Air       0%         N/A       100%        2
 Searing Ray              Conj           0%         3d3       100%        2
 Dazzling Flash           Conj/Hex       0%         N/A       100%        3
 Gell's Gravitas          Tloc           0%         N/A       100%        3
 Lesser Beckoning         Tloc           0%         N/A       100%        3
 Teleport Other           Tloc           0%         N/A       100%        3
 Airstrike                Air            0%         N/A       100%        4
 Fulminant Prism          Conj/Hex       0%         3d6       100%        4
 Summon Lightning Spire   Summ/Air       0%         N/A       100%        4
 Agony                    Necr           0%         N/A       100%        5
 Freezing Cloud           Conj/Ice/Air   0%         6-21      100%        5
 Lightning Bolt           Conj/Air       0%         1d11      100%        5
 Silence                  Hex/Air        0%         N/A       100%        5


Dungeon Overview and Level Annotations

Branches:
Dungeon (12/15)            Temple (1/1) D:5            Lair (3/6) D:8
 Shoals (0/4) Lair:3        Snake (0/4) Lair:2          Orc (0/2) D:10

Altars:
Ashenzari
Dithmenos
Elyvilon
Fedhas
Gozag
Hepliaklqana
Kikubaaqudgha
Makhleb
Nemelex Xobeh
Okawaru
Qazlal
Ru
Sif Muna
Trog
Uskayaw
Vehumet
Wu Jian
Xom
Yredelemnul
Zin
The Shining One

Shops:
D:2 (   D:6 [

Annotations:
D:12 Psyche
Lair:2 2 transporters, Kotami's ghost, journeyman OpFi


Message History

To return, you must find a gate leading back.
Killing monsters will force the Abyss to allow you passage.
This branch contains the abyssal rune of Zot.
Found a potion of brilliance and 55 gold pieces.
Okay, then.
There is an empty arch of ancient stone here.
L - 2 potions of brilliance (gained 1)
You now have enough gold to fund merchants seeking to open stores in the dungeon.
You now have 845 gold pieces (gained 55).
A hellion comes into view.
The hellion gives a hideous shriek!
The hellion gestures at you.
The sphere of damnation explodes!
The damnation engulfs you!! The hellion gestures at you.
The sphere of damnation explodes!
The damnation engulfs you!
Found 58 gold pieces.
The hellion gestures at you.
The sphere of damnation explodes!
The damnation engulfs you!! The hellion gestures at you.
The sphere of damnation explodes!
The damnation engulfs you!
Found 35 gold pieces.
A crystal guardian comes into view.
The crystal guardian fires a crystalline bolt at you.
The crystal bolt freezes you!!!
You feel a terrible chill!
* * * LOW HITPOINT WARNING * * *
The crystal guardian fires a crystalline bolt at you.
The crystal bolt burns you!!
* * * LOW HITPOINT WARNING * * *
Okay, then.
You feel much better. You block the sixfirhy's attack. The sixfirhy hits you.
* * * LOW HITPOINT WARNING * * *
The sixfirhy shocks you. You resist.
* * * LOW HITPOINT WARNING * * *
The sixfirhy closely misses you.
You feel much better. You block the sixfirhy's attack.
You block the crystal guardian's attack.
The hellion gestures at you.
The sphere of damnation explodes!
The damnation engulfs you!!!
You die...
Your body crumbles into a pile of gold.

#..#...............
#..#........... ..
.#................
#.......#.....#.
.....###..$## $
.##....#2....#
####.$.8..........
#.....3.........
#.##.@........ ..
.. #.............
#.............
#...............
#.##............
..# .......##...
#.# #.......# .. ##
#........


You could see a crystal guardian, a sixfirhy and a hellion.

Vanquished Creatures
  A hydra (Lair:1)
  2 boulder beetles
  A two-headed ogre (D:9)
  Pikel (D:6)
  An oklob plant (Lair:1)
  A manticore (D:11)
  3 elephants
  A black mamba (Lair:2)
  2 merfolk sirens (Lair:3)
  3 cane toads (Lair:3)
  Maggie (D:9)
  2 rime drakes (Lair:3)
  5 komodo dragons
  2 merfolk (Lair:3)
  A polar bear (Lair:2)
  A troll (D:11)
  Grinder (D:6)
  Prince Ribbit (D:9)
  2 hornets
  8 blink frogs
  Sigmund (D:4)
  2 shadows
  15 yaks
  2 wyverns
  5 basilisks
  A steam dragon (D:7)
  Menkaure (D:5)
  3 nagas
  3 acid dragons
  14 water moccasins
  A sky beast (D:6)
  2 ice beasts
  2 black bears (Lair:2)
  2 necrophages
  4 ogres
  5 wolves
  4 centaurs
  A lemure (D:6)
  10 bullfrogs
  3 kobold brigands
  2 gnoll sergeants
  A scorpion (D:8)
  A water moccasin skeleton (D:7)
  4 killer bees (D:11)
  10 wights
  A howler monkey (D:8)
  6 electric eels
  5 centaur zombies
  2 hounds
  Crazy Yiuf (D:4)
  A bullfrog skeleton (D:5)
  A centaur skeleton (D:7)
  3 orc priests
  2 jellies
  An iguana (D:6)
  Natasha (thrice) (D:4)
  A gnoll shaman (D:5)
  Ijyb (D:4)
  5 orc wizards
  7 hell rats (Lair:2)
  A hound skeleton (D:4)
  A howler monkey zombie (D:5)
  13 gnolls
  2 adders
  3 shadow imps
  A white imp (D:7)
  An ufetubus (D:5)
  2 worms
  4 dart slugs
  12 orcs
  10 endoplasms
  A giant cockroach (D:2)
  10 goblins
  4 hobgoblins
  3 jackals (D:4)
  3 quokkas
  6 bats
  2 frilled lizards
  25 kobolds
  3 rats
286 creatures vanquished.

Vanquished Creatures (others)
  10 fungi
  34 plants
44 creatures vanquished.

Grand Total: 330 creatures vanquished

Notes
Turn   | Place    | Note
-------+----------+-------------------------------------------
     0 | D:1      | zeram the Hill Orc Fighter began the quest for the Orb.
     0 | D:1      | Reached XP level 1. HP: 19/19 MP: 1/1
    91 | D:1      | Reached XP level 2. HP: 27/27 MP: 2/2
   603 | D:2      | Reached XP level 3. HP: 33/33 MP: 3/3
   932 | D:2      | Found Bergha's Weapon Emporium.
  1519 | D:3      | Reached XP level 4. HP: 40/40 MP: 4/4
  1603 | D:3      | Reached skill level 4 in Shields
  1886 | D:3      | Found a faded altar of an unknown god.
  1905 | D:3      | Reached skill level 1 in Dodging
  1933 | D:3      | Found a sparkling altar of Nemelex Xobeh.
  1934 | D:3      | Found a blossoming altar of Fedhas.
  2196 | D:4      | Found an iron altar of Okawaru.
  2201 | D:4      | Noticed Natasha
  2212 | D:4      | Killed Natasha
  2213 | D:4      | Reached XP level 5. HP: 40/46 MP: 5/5
  2353 | D:4      | Noticed Sigmund
  2368 | D:4      | Killed Sigmund
  2369 | D:4      | Reached skill level 5 in Armour
  2369 | D:4      | Reached XP level 6. HP: 27/53 MP: 6/6
  2574 | D:4      | Noticed Natasha
  2582 | D:4      | Killed Natasha
  2583 | D:4      | Reached skill level 5 in Shields
  2991 | D:4      | Found a runed translucent door.
  2992 | D:4      | Noticed Crazy Yiuf
  3058 | D:4      | Noticed Natasha
  3062 | D:4      | Killed Natasha
  3063 | D:4      | Reached skill level 5 in Fighting
  3063 | D:4      | Reached XP level 7. HP: 61/61 MP: 7/7
  3398 | D:4      | Noticed Ijyb
  3429 | D:4      | Killed Ijyb
  3706 | D:4      | Killed Crazy Yiuf
  3904 | D:5      | Entered Level 5 of the Dungeon
  3971 | D:5      | Found an ancient bone altar of Kikubaaqudgha.
  4123 | D:4      | Reached skill level 6 in Shields
  4125 | D:4      | HP: 3/61 [ogre (24)]
  4134 | D:4      | Reached XP level 8. HP: 12/70 MP: 8/8
  4688 | D:5      | Found a staircase to the Ecumenical Temple.
  4768 | Temple   | Entered the Ecumenical Temple
  4998 | Temple   | Became a worshipper of Gozag Ym Sagoz the Greedy
  5088 | D:5      | Found a hide-covered altar of Uskayaw.
  5357 | D:6      | Noticed Menkaure
  5367 | D:5      | Killed Menkaure
  5536 | D:6      | Reached skill level 7 in Shields
  5957 | D:6      | Noticed Grinder
  5958 | D:6      | Noticed Pikel
  5965 | D:6      | Found a basalt altar of Yredelemnul.
  5996 | D:6      | Killed Pikel
  5997 | D:6      | Reached XP level 9. HP: 33/79 MP: 9/9
  6010 | D:6      | Paralysed by Grinder for 4 turns
  6017 | D:6      | Killed Grinder
  6147 | D:6      | Reached skill level 8 in Shields
  6306 | D:6      | Found Nefah's Antique Armour Shoppe.
  7602 | D:7      | Reached XP level 10. HP: 88/90 MP: 10/10
  7787 | D:8      | Reached skill level 9 in Shields
  8098 | D:8      | Found a staircase to the Lair.
  8235 | D:8      | Reached skill level 10 in Shields
  8409 | D:8      | Reached skill level 1 in Evocations
  8830 | D:8      | Paralysed by a hornet for 2 turns
  8834 | D:8      | Paralysed by a hornet for 1 turns
  9383 | Lair:1   | Entered Level 1 of the Lair of Beasts
  9525 | Lair:1   | Reached skill level 5 in Dodging
  9692 | Lair:1   | Reached skill level 10 in Armour
  9693 | Lair:1   | Reached XP level 11. HP: 72/99 MP: 11/11
 10004 | Lair:1   | Reached skill level 10 in Fighting
 10004 | Lair:1   | Reached skill level 11 in Shields
 10133 | Lair:1   | Noticed an oklob plant
 10571 | Lair:1   | Noticed a five-headed hydra
 10710 | D:2      | Bought the +10 morningstar of Makhleb's Grace {antimagic,
                  | rElec rPois rN++ Will-} for 951 gold pieces
 10957 | Lair:1   | Killed a five-headed hydra
 10958 | Lair:1   | Reached skill level 1 in Maces & Flails
 11438 | Lair:1   | Killed an oklob plant
 11865 | Lair:2   | Found a staircase to the Snake Pit.
 12799 | Lair:2   | Noticed a moth of wrath
 12835 | Lair:2   | Reached skill level 5 in Maces & Flails
 12910 | Lair:2   | Noticed Kotami's ghost (journeyman OpFi)
 12911 | Lair:2   | Noticed a moth of wrath
 13406 | Lair:2   | Noticed a boulder beetle
 13461 | Lair:2   | Killed a boulder beetle
 13462 | Lair:2   | Reached XP level 12. HP: 37/108 MP: 4/12
 14122 | Lair:2   | Found a transporter.
 14141 | Lair:2   | Found a transporter.
 14809 | Lair:3   | Reached skill level 12 in Shields
 15788 | Lair:3   | Found a staircase to the Shoals.
 16265 | D:6      | Bought a translucent plate armour for 644 gold pieces
 16265 | D:6      | Identified the +0 plate armour "Sugust" {Rampage rC-
                  | Regen+} (You bought it in a shop on level 6 of the Dungeon)
 16344 | D:9      | Noticed a two-headed ogre
 16352 | D:9      | Killed a two-headed ogre
 16394 | D:9      | Noticed Prince Ribbit
 16402 | D:9      | Killed Prince Ribbit
 16418 | D:9      | Noticed Maggie
 16429 | D:9      | Killed Maggie
 16567 | D:9      | Found a radiant altar of Vehumet.
 16698 | D:9      | You fall into a shaft and drop 2 floors!
 16737 | D:11     | Noticed a boulder beetle
 16769 | D:11     | Killed a boulder beetle
 17055 | D:11     | Identified the +2 cloak "Mueliomu" {Dex+3}
 17303 | D:11     | Found a blossoming altar of Fedhas.
 17528 | D:10     | Entered Level 10 of the Dungeon
 17558 | D:10     | Reached XP level 13. HP: 117/117 MP: 4/13
 17724 | D:10     | Found a flagged portal.
 17850 | D:10     | Reached skill level 10 in Maces & Flails
 18025 | D:10     | Found a staircase to the Orcish Mines.
 18621 | D:12     | Noticed Psyche
 18629 | D:12     | Cast into level 1 of the Abyss (Psyche)
 18672 | Abyss:1  | Noticed a crystal guardian
 18673 | Abyss:1  | HP: 3/117 [crystal guardian/crystal bolt (22)]
 18676 | Abyss:1  | Killed from afar by a hellion

Illustrated notes

Levels and vault maps discovered:
D:1:      minmay_arrival_plants_in_alcoves, layout_rooms
D:2:      minmay_general_purpose_star, layout_basic, serial_shops,
          shop_fountains, hangedman_decor_lopped
D:3:      layout_loops_ring, mainiacjoe_overflow_divided_tiny,
          ebering_ecumenical_altar_box
D:4:      layout_basic, nicolae_overflow_crystal_walls, uniq_crazy_yiuf_cottage,
          uniq_ijyb, uniq_natasha, uniq_sigmund
D:5:      layout_rooms, nicolae_uskayaw_dance_hall, kiku_gazebo_pond_becter,
          minmay_temple_entry_butterflies
D:6:      layout_cave_pools, mainiacjoe_overflow_surrounded_room, serial_shops,
          nicolae_lakefront_shop, uniq_pikel, uniq_menkaure, uniq_grinder
D:7:      layout_rooms, kennysheep_potato
D:8:      layout_loops_ring, minmay_lair_entry_grove, st_stairs_10
D:9:      layout_grid_maze, old_standard_altar, kennysheep_slug_shrine,
          uniq_maggie, uniq_prince_ribbit1, uniq_erolcha, uniq_erica
D:10:     layout_basic, orc_0_dummy, enter_bailey_3
D:11:     layout_loops_ring, fedhas_altar_4
D:12:     layout_rooms, enter_bailey_8, uniq_azrael, uniq_psyche
Temple:   dpeg_chambers_temple
Lair:1:   layout_roguey, fungi_pond_lemuel, minmay_lair_oklob_chamber
Lair:2:   layout_chaotic_city, guppyfry_snake_entry_island,
          gammafunk_ghost_berserking_beasts, minmay_holes, st_stairs_12,
          grunt_forest_small_clearings, beast_lair_carwin_7
Lair:3:   layout_regular_city, elwin_shoals_entry_stream, serial_bayou_ford_a,
          serial_bayou_shore_a
Abyss:1:  base:
D:8

Skill      XL: |  1  2  3  4  5  6  7  8  9 10 11 12 13 |
---------------+----------------------------------------+-----
Axes           | 3 |  3.6
Fighting       | 4 5 7 8 9 10 11 | 11.8
Armour         | 4 5 6 8 9 10 11 | 11.6
Shields        | 4 5 6 7 8 10 11 12 | 12.5
Dodging        | 1 2 3 4 5 6 |  6.0
Evocations     | 1 |  1.0
Maces & Flails | 6 9 10 | 10.1

Action                   |  1- 3 |  4- 6 |  7- 9 | 10-12 | 13-15 || total
-------------------------+-------+-------+-------+-------+-------++-------
Melee: War axe           |    81 |    62 |   287 |   275 |       ||   705
       Morningstar       |       |       |       |   483 |    49 ||   532
Throw: Boomerang         |       |       |     1 |       |       ||     1
Evoke: Wand              |       |       |     6 |     7 |     3 ||    16
  Use: Scroll            |     6 |     1 |     3 |    13 |     3 ||    26
       Potion            |       |     1 |     7 |     4 |     2 ||    14
 Stab: Distracted        |       |       |     1 |     1 |       ||     2
Armor: Scale mail        |    25 |    32 |   189 |   304 |       ||   550
       Plate armour      |       |       |       |    58 |    25 ||    83
Dodge: Dodged            |    40 |    16 |   140 |   307 |    34 ||   537
Block: Kite shield       |    38 |    34 |   220 |   535 |    45 ||   872
